 Dungeon Crawl Stone Soup version 0.14-a0-2432-g6b3afca (webtiles) character file.

673 Egon the Skirmisher (level 7, 62/62 HPs)
             Began as a Purple Draconian Berserker on Feb 4, 2014.
             Was a Priest of Trog.
             Quit the game on Level 4 of the Dungeon.
             The game lasted 00:06:56 (2203 turns).

Egon the Skirmisher (Purple Draconian Berserker)    Turns: 2203, Time: 00:06:57

HP  62/62        AC  6     Str 20      XL: 7   Next:  0%
MP   7/7         EV 14     Int 12      God: Trog [***...]
Gold 160         SH  0     Dex 12      Spells:  0 memorised,  6 levels left

rFire  + . .     SeeInvis +     a - +0 war axe
rCold  + . .     Clarity  .     (armour unavailable)
rNeg   . . .     Conserve .     (no shield)
rPois  +         rCorr    .     (helmet restricted)
rElec  +         rRot     .     (no cloak)
SustAb . .       Spirit   .     (no gloves)
rMut   .         Warding  .     (no boots)
Saprov . . .     Stasis   .     (no amulet)
MR     +....                    w - ring of sustenance
                                m - ring of see invisible

@: brilliant, somewhat resistant to hostile enchantments, unstealthy
A: breathe power, unfitting armour, AC +6
a: Breathe Dispelling Energy, Burn Spellbooks, Berserk, Trog's Hand, Renounce
Religion


You were on level 4 of the Dungeon.
You worshipped Trog.
Trog was most pleased with you.
You were not hungry.

You visited 1 branch of the dungeon, and saw 4 of its levels.

You collected 160 gold pieces.

Inventory:

Hand weapons
 a - a +0,+0 war axe (weapon)
 d - a +0,+0 hand axe
 t - a +1,+1 dwarven hand axe
Comestibles
 b - 4 meat rations
 c - 3 bread rations
Scrolls
 f - a scroll of blinking {unknown}
 h - 2 scrolls of curse armour {unknown}
 i - 3 scrolls of remove curse {unknown}
 j - a scroll of enchant weapon I {unknown}
 k - 3 scrolls of teleportation {unknown}
 l - 6 scrolls of identify {unknown}
 n - 2 scrolls of curse weapon {unknown}
 o - a scroll of fear {unknown}
 s - a scroll of enchant weapon II {unknown}
 u - 2 scrolls of enchant armour {unknown}
Jewellery
 m - a ring of see invisible (left hand)
 w - a ring of sustenance (right hand)
Potions
 e - 2 potions of curing
 p - 2 potions of heal wounds


   Skills:
 + Level 5.7 Fighting
 + Level 5.0 Axes
 + Level 4.8 Dodging


You had 6 spell levels left.
You didn't know any spells.

Dungeon Overview and Level Annotations

Branches:
Dungeon (4/16)             Temple (0/1) D:4

Altars:


Message History

You cannot move.
You cannot move.
You cannot move.
You cannot move.
You cannot move.
You cannot move.
You cannot move.
You cannot move.
You cannot move.
You start waiting.
Your transformation is almost over.
Unknown command.
You start waiting.
You feel less woody.
Drink which item? (? for menu, Esc to quit)
You feel clever all of a sudden.
It was a potion of brilliance.
Drink which item? (? for menu, Esc to quit)
You feel refreshed.
It was a potion of restore abilities.
Are you sure you want to abandon this character and quit the game? (Confirm with "yes".)

+.......+ . #.......#
.... #.......# ....#
#...<...# ....#
##'###### ....# #..#
....# ###.# ... .##.#
##.# .##.#####
####@.####
.#......#####........#
........##......>....#
........#..##........#
.#......#>###........#
.#........# #........#
##......### #........#
#......# #........#
#......# ###.######


There were no monsters in sight!

Vanquished Creatures
  Grinder (D:3)
  An ogre (D:4)
  An orc priest (D:3)
  An orc wizard (D:4)
  5 adders
  A giant mite (D:3)
  3 worms
  5 giant geckos
  5 orcs
  A ball python (D:3)
  2 giant cockroaches
  5 goblins
  5 hobgoblins
  6 jackals (D:2)
  12 kobolds
  An ooze (D:2)
  A quokka (D:3)
  7 bats
  3 giant newts
  11 rats
77 creatures vanquished.

Notes
Turn   | Place    | Note
--------------------------------------------------------------
     0 | D:1      | Egon, the Draconian Berserker, began the quest for the Orb.
     0 | D:1      | Reached XP level 1. HP: 19/19 MP: 1/1
   188 | D:1      | Reached XP level 2. HP: 21/26 MP: 2/2
   363 | D:1      | Acquired Trog's second power
   627 | D:2      | Reached XP level 3. HP: 23/33 MP: 3/3
   736 | D:2      | Reached skill level 4 in Fighting
  1118 | D:3      | Reached XP level 4. HP: 40/40 MP: 4/4
  1163 | D:3      | Noticed Grinder
  1178 | D:3      | Killed Grinder
  1178 | D:3      | Reached skill level 5 in Fighting
  1178 | D:3      | Reached XP level 5. HP: 48/48 MP: 5/5
  1178 | D:3      | Reached XP level 6. HP: 56/56 MP: 6/6
  1966 | D:4      | Found a staircase to the Ecumenical Temple.
  2059 | D:4      | Reached skill level 5 in Axes
  2163 | D:4      | Your scales start taking on a rich purple colour.
  2163 | D:4      | Reached XP level 7. HP: 48/62 MP: 7/7
  2203 | D:4      | Quit the game

Action                   |  1- 3 |  4- 6 |  7- 9 || total
-------------------------+-------+-------+-------++-------
Melee: Hand axe          |   113 |    28 |       ||   141
       War axe           |       |    69 |       ||    69
Invok: Berserk           |     2 |     2 |       ||     4
       Trog's Hand       |       |     1 |       ||     1
  Use: Potion            |       |       |     6 ||     6
 Stab: Sleeping          |     1 |     1 |       ||     2
